 Dungeon Crawl Stone Soup version 0.22-a0-293-gc9362ec (webtiles) character file.

5066 grizmgrazm2 the Artisan of Death (level 10, -8/74 HPs)
             Began as a Demonspawn Necromancer on Mar 24, 2018.
             Was a Priest of Kikubaaqudgha.
             Mangled by Grum
             ... wielding a +1 spear
              (15 damage)
             ... on level 10 of the Dungeon.
             The game lasted 00:40:05 (9618 turns).

grizmgrazm2 the Artisan of Death (DsNe)             Turns: 9618, Time: 00:40:06

Health: -8/74      AC: 11    Str: 12    XL:     10   Next: 31%
Magic:  21/21      EV: 10    Int: 26    God:    Kikubaaqudgha [***...]
Gold:   141        SH:  0    Dex: 14    Spells: 9/24 levels left

rFire    + + +     SeeInvis .   j - +4 dagger (venom)
rCold    + + +     Gourm    .   (no shield)
rNeg     . . .     Faith    .   e - +0 scale mail "Rodealowk" {Regen+ Int+4 Stlth-}
rPois    .         Spirit   .   (no helmet)
rElec    .         Reflect  .   o - scarf {rC+ rF+}
rCorr    .         Harm     .   w - +0 pair of gloves
MR       .....                  (no boots)
Stlth    ..........             (no amulet)
HPRegen  0.62/turn              y - ring of Wealear {rF++ rC++ Int+3}
MPRegen  0.17/turn              n - +3 ring of strength

@: drained
A: hooves 1, thin metallic scales 2, nightstalker 1
a: Receive Corpses, Renounce Religion


You were on level 10 of the Dungeon.
You worshipped Kikubaaqudgha.
Kikubaaqudgha was most pleased with you.
You were not hungry.

You visited 2 branches of the dungeon, and saw 11 of its levels.

You collected 297 gold pieces.
You spent 156 gold pieces at shops.

Inventory:

Hand Weapons
 f - a +0 dagger
 h - a +0 hunting sling of freezing
 j - a +4 dagger of venom (weapon)
Missiles
 x - 31 sling bullets
Armour
 a - a +0 robe
 e - the +0 scale mail "Rodealowk" (worn) {Regen+ Int+4 Stlth-}
   (You found it on level 6 of the Dungeon)

   It affects your intelligence (+4).
   It increases your rate of regeneration.
   It makes you less stealthy.
 o - a scarf of resistance (worn)
 r - +1 ice dragon scales
 s - the +1 chain mail of the Lotus Blossom {Int+5}
   (You found it on level 9 of the Dungeon)

   It affects your intelligence (+5).
 v - a scarf of spirit shield
 w - a +0 pair of gloves (worn)
Jewellery
 b - an uncursed amulet of regeneration
 k - a +1 ring of protection
 n - a +3 ring of strength (right hand)
 y - the ring of Wealear (left hand) {rF++ rC++ Int+3}
   (You bought it in a shop on level 8 of the Dungeon)

   [ring of intelligence]

   It affects your intelligence (+3).
   It greatly protects you from fire.
   It greatly protects you from cold.
Wands
 i - a wand of flame (35)
Scrolls
 l - 8 scrolls of identify
 p - a scroll of remove curse
 z - a scroll of fear {unknown}
Potions
 d - a potion of flight {unknown}
 m - 2 potions of might {unknown}
 q - a potion of invisibility
 t - a potion of brilliance
 u - a potion of lignification {unknown}
Comestibles
 c - 19 rations


   Skills:
 + Level 5.4(5.3) Fighting
 + Level 3.7 Short Blades
 - Level 3.3(3.2) Slings
 + Level 3.2 Armour
 - Level 3.8 Dodging
 - Level 1.7 Stealth
 * Level 7.9(7.8) Spellcasting
 * Level 10.1(10.0) Necromancy


You had 9 spell levels left.
You knew the following spells:

 Your Spells              Type           Power        Failure   Level  Hunger
a - Pain                  Necr           ####         1%          1    None
b - Corpse Rot            Necr           N/A          1%          2    None
c - Animate Dead          Necr           N/A          4%          4    ##.....
d - Vampiric Draining     Necr           ######....   1%          3    None
e - Dispel Undead         Necr           ######..     12%         5    ####...


Dungeon Overview and Level Annotations

Branches:
Dungeon (10/15)            Temple (1/1) D:5            Lair (0/6) D:10
    Orc: D:9-12

Altars:
Ashenzari
Cheibriados
Dithmenos
Elyvilon
Fedhas
Gozag
Kikubaaqudgha
Makhleb
Okawaru
Qazlal
Ru
Trog
Vehumet
Xom
Zin
The Shining One

Shops:
D:8 *

Annotations:
D:8 grizmgrazm2's ghost, novice DsFE
D:10 exclusion: oklob plant, Grum


Innate Abilities, Weirdness & Mutations

You have large cloven feet.
You are mostly covered in thin metallic scales. (AC +3)
You are slightly more attuned to the shadows.


Message History

You hit the hound.
The hound looks as sick as possible!
Your kick misses the hound.
The hound is moderately wounded.
The wolf bites you but does no damage. The hound bites you but does no damage.
You hit the hound.
The hound is heavily wounded.
The wolf closely misses you.
Grum hits you from afar with an enchanted spear!
* * * LOW HITPOINT WARNING * * *
The hound misses you. The wolf bites you but does no damage.
You feel better. The hound barely misses you. The wolf bites you.
* * * LOW HITPOINT WARNING * * *
Grum hits you but does no damage. The hound barely misses you.
Okay, then.
You hit the hound but do no damage. Your kick misses the hound.
The hound is severely wounded.
The wolf completely misses you.
Grum hits you from afar with an enchanted spear!
You die...
Kikubaaqudgha rasps: "You have failed me!
Welcome... death!"

.......#....#....'..# ..
.......#....######..# ..
#####'#............# ..
....................#####
.........###+####........
.........#......#......##
.......<.'......#......#
########h#......#......#
#@########......#
#.hg........#+###
####........# #........#
#........# #........#
###......# #..>...#
#.......


You could see Grum, a wolf and a hound.

Vanquished Creatures
  A two-headed ogre (D:9)
  A spriggan (D:7)
  Menkaure (D:6)
  Duvessa (D:6)
  A phantom (D:10)
  2 sky beasts (D:5)
  An orc warrior (D:7)
  4 ice beasts
  3 black bears
  4 ogres
  A wolf (D:10)
  4 centaurs
  The ghost of medis the Cutter, an amateur HaSk (D:4)
  Blork the orc (D:6)
  3 bullfrogs
  Dowan (D:6)
  4 scorpions
  6 wights (D:9)
  The ghost of Rein the Charmwright, a weakling HuSk (D:3)
  4 howler monkeys
  3 crimson imps
  A bullfrog zombie (D:9)
  8 hounds
  5 orc wizards
  2 centaur skeletons
  6 orc priests
  4 worker ants
  A hound skeleton (D:3)
  A worker ant zombie (D:9)
  21 adders
  7 gnolls
  A shadow imp (D:10)
  2 oozes
  An adder skeleton (D:8)
  6 worms
  A dart slug (D:2)
  5 leopard geckos
  37 orcs
  8 giant cockroaches
  8 goblins
  4 hobgoblins
  4 jackals
  4 quokkas
  2 ball pythons
  12 bats
  2 frilled lizards
  A jackal zombie (D:6)
  8 kobolds
  A leopard gecko zombie (D:9)
  8 rats
219 creatures vanquished.

Vanquished Creatures (collateral kills)
  An orc wizard (D:7)
  An orc (D:7)
2 creatures vanquished.

Grand Total: 221 creatures vanquished

Notes
Turn   | Place    | Note
-------+----------+-------------------------------------------
     0 | D:1      | grizmgrazm2 the Demonspawn Necromancer began the quest for the Orb.
     0 | D:1      | Reached XP level 1. HP: 13/13 MP: 3/3
   218 | D:1      | Gained mutation: You have large cloven feet. [demonic ancestry]
   218 | D:1      | Reached XP level 2. HP: 17/19 MP: 1/5
   985 | D:2      | Gained mutation: You are partially covered in thin metallic scales. (AC +2) [demonic ancestry]
   985 | D:2      | Reached XP level 3. HP: 24/24 MP: 7/7
  1036 | D:2      | Found an opulent altar of Gozag.
  1061 | D:2      | Reached skill level 5 in Necromancy
  1379 | D:2      | Reached skill level 1 in Slings
  1498 | D:2      | Reached XP level 4. HP: 28/30 MP: 6/8
  2180 | D:3      | Reached XP level 5. HP: 36/36 MP: 6/10
  2205 | D:3      | Noticed Rein's ghost (weakling HuSk)
  2698 | D:3      | Killed Rein's ghost
  2698 | D:3      | Reached skill level 1 in Fighting
  2900 | D:3      | Found an iron altar of Okawaru.
  3009 | D:4      | Gained mutation: You are mostly covered in thin metallic scales. (AC +3) [demonic ancestry]
  3009 | D:4      | Reached XP level 6. HP: 42/43 MP: 11/11
  3198 | D:4      | Found a bloodstained altar of Trog.
  3257 | D:4      | Reached skill level 6 in Necromancy
  3340 | D:4      | Reached XP level 7. HP: 13/49 MP: 10/13
  3613 | D:4      | Found a sacrificial altar of Ru.
  3646 | D:4      | Learned a level 4 spell: Animate Dead
  3838 | D:4      | Noticed medis's ghost (amateur HaSk)
  3884 | D:4      | Killed medis's ghost
  4332 | D:5      | Entered Level 5 of the Dungeon
  4465 | D:5      | Found a staircase to the Ecumenical Temple.
  4473 | Temple   | Entered the Ecumenical Temple
  4480 | Temple   | Became a worshipper of Kikubaaqudgha
  4712 | D:5      | Reached skill level 7 in Necromancy
  4742 | D:5      | Reached skill level 5 in Spellcasting
  4742 | D:5      | Gained mutation: You are slightly more attuned to the shadows. [demonic ancestry]
  4742 | D:5      | Reached XP level 8. HP: 52/57 MP: 15/15
  4929 | D:5      | Found a shimmering altar of Xom.
  5041 | D:5      | Found a shattered altar of Ashenzari.
  5041 | D:5      | Found a blossoming altar of Fedhas.
  5044 | D:5      | Found a sacrificial altar of Ru.
  5044 | D:5      | Found a shimmering altar of Xom.
  5044 | D:5      | Found a hazy altar of Hepliaklqana.
  5228 | D:6      | Noticed Blork the orc
  5237 | D:6      | Killed Blork the orc
  5281 | D:6      | Learned a level 3 spell: Vampiric Draining
  5302 | D:6      | Got a slimy scale mail
  5313 | D:6      | Identified the +0 scale mail "Rodealowk" {Regen+ Int+4 Stlth-} (You found it on level 6 of the Dungeon)
  5512 | D:6      | Reached skill level 1 in Short Blades
  5541 | D:6      | Found a snail-covered altar of Cheibriados.
  5566 | D:6      | Found a radiant altar of Vehumet.
  5581 | D:6      | Reached * piety under Kikubaaqudgha
  5581 | D:6      | Identified Kikubaaqudgha's Grimoire of Evil (Kikubaaqudgha gifted it to you on level 6 of the Dungeon)
  5581 | D:6      | Received a gift from Kikubaaqudgha
  5581 | D:6      | Reached skill level 8 in Necromancy
  5660 | D:6      | Learned a level 2 spell: Corpse Rot
  5926 | D:6      | Noticed Duvessa
  5926 | D:6      | Noticed Dowan
  5941 | D:6      | Killed Duvessa
  5941 | D:6      | Reached XP level 9. HP: 65/65 MP: 18/18
  5946 | D:6      | Killed Dowan
  5972 | D:6      | Noticed Menkaure
  5986 | D:6      | Killed Menkaure
  5986 | D:6      | Reached skill level 1 in Armour
  6710 | D:7      | Reached ** piety under Kikubaaqudgha
  6747 | D:7      | Reached skill level 9 in Necromancy
  6779 | D:7      | Found a shattered altar of Ashenzari.
  7396 | D:8      | Noticed grizmgrazm2's ghost (novice DsFE)
  7577 | D:9      | Found a glowing golden altar of the Shining One.
  8031 | D:9      | Found an iron altar of Okawaru.
  8092 | D:9      | Reached skill level 5 in Fighting
  8471 | D:9      | Found a blossoming altar of Fedhas.
  8603 | D:9      | Got a slimy chain mail
  8614 | D:9      | Identified the +1 chain mail of the Lotus Blossom {Int+5} (You found it on level 9 of the Dungeon)
  8867 | D:8      | Reached XP level 10. HP: 71/74 MP: 21/21
  8994 | D:8      | Found Zoun's Assorted Antiques.
  9011 | D:8      | Bought a slimy jade ring for 130 gold pieces
  9011 | D:8      | Bought a scroll labeled LITAME XOTAF for 26 gold pieces
  9011 | D:8      | Identified the ring of Wealear {rF++ rC++ Int+3} (You bought it in a shop on level 8 of the Dungeon)
  9028 | D:8      | Reached *** piety under Kikubaaqudgha
  9028 | D:8      | Identified Kikubaaqudgha's Grimoire of Sinister Arts (Kikubaaqudgha gifted it to you on level 8 of the Dungeon)
  9028 | D:8      | Received a gift from Kikubaaqudgha
  9182 | D:9      | Learned a level 5 spell: Dispel Undead
  9218 | D:10     | Entered Level 10 of the Dungeon
  9272 | D:10     | Noticed a two-headed ogre
  9309 | D:9      | Killed a two-headed ogre
  9309 | D:9      | Reached skill level 10 in Necromancy
  9410 | D:10     | Noticed an oklob plant
  9412 | D:10     | Found a staircase to the Lair.
  9593 | D:10     | Noticed Grum
  9616 | D:10     | HP: 2/74 [Grum/enchanted spear (11)]
  9618 | D:10     | Mangled by Grum

Vault maps used:
D:1:      lightli_arrival_chessboard
D:2:      lemuel_round_altar
D:3:      lemuel_round_altar
D:4:      kennysheep_mini, lemuel_doored_altar, first_ration
D:5:      doesnt_xom_only_xom, minmay_temple_entry_junction
D:6:      vehumet_altar_wand_db, slow_altar_2, hangedman_abyss_or_decor_passed,
          uniq_blork_the_orc, uniq_duvessa, uniq_menkaure
D:7:      the_bakery, st_stairs_3, ashenzari_altar_1
D:8:      serial_shops, nicolae_shop_overgrown_old_shop, serial_corexii_hall,
          corexii_hall_statues_deadend, corexii_hall_statues_u
D:9:      lemuel_coloured_pillars_altar, lemuel_round_altar, okawaru_gym_becter
D:10:     dpeg_oklobed_lair, uniq_grum
Temple:   cyrus_circular_temple

Skill      XL: |  1  2  3  4  5  6  7  8  9 10 |
---------------+-------------------------------+-----
Necromancy     | 5 6 7 8 9 10 | 10.1
Slings         | 1 2 3 |  3.3
Spellcasting   | 3 4 5 6 7 |  7.9
Dodging        | 2 3 |  3.8
Fighting       | 1 2 4 5 |  5.4
Short Blades   | 1 3 |  3.7
Armour         | 2 3 |  3.2
Stealth        | |  1.7

Action                   |  1- 3 |  4- 6 |  7- 9 | 10-12 || total
-------------------------+-------+-------+-------+-------++-------
Melee: Dagger            |    21 |   151 |   634 |    82 ||   888
       Kick              |     3 |    39 |   165 |    26 ||   233
 Fire: Hunting sling     |    47 |    49 |       |       ||    96
Throw: Tomahawk          |       |       |     3 |       ||     3
 Cast: Pain              |    51 |    50 |    32 |     1 ||   134
       Animate Dead      |       |       |     6 |     1 ||     7
       Vampiric Draining |       |       |       |     4 ||     4
       Dispel Undead     |       |       |       |     2 ||     2
Evoke: Wand              |       |       |     4 |     1 ||     5
  Use: Scroll            |     2 |       |    14 |     3 ||    19
       Potion            |       |     1 |     3 |     1 ||     5
 Stab: Sleeping          |     3 |       |       |       ||     3
  Eat: Chunk             |     2 |     6 |    14 |     1 ||    23
       Ration            |       |       |     1 |     1 ||     2
Armor: Robe              |    14 |     6 |       |       ||    20
       Ice dragon scales |       |    85 |    87 |       ||   172
       Scale mail        |       |       |   203 |    43 ||   246
Dodge: Dodged            |    40 |    73 |   288 |    41 ||   442

Table legend:
 A = Spawn XP
 B = Non-spawn XP
 C = Spawn XP percentage of total XP
 D = Spawn monster count
 E = Non-spawn monster count
 F = Spawn count percentage of total count
 G = Total turns spent on level
                    A         B        C        D         E        F      G
               +---------+---------+-------+---------+---------+-------+---------
         Total |       0 |    7238 |   0.0 |       0 |     221 |   0.0 |  9618
               +---------+---------+-------+---------+---------+-------+---------
           D:1 |       0 |      38 |   0.0 |       0 |      24 |   0.0 |   962
           D:2 |       0 |     123 |   0.0 |       0 |      27 |   0.0 |  1115
           D:3 |       0 |     180 |   0.0 |       0 |      23 |   0.0 |   883
           D:4 |       0 |     753 |   0.0 |       0 |      24 |   0.0 |  1432
           D:5 |       0 |     668 |   0.0 |       0 |      19 |   0.0 |   816
           D:6 |       0 |    1584 |   0.0 |       0 |      41 |   0.0 |  1251
           D:7 |       0 |    1167 |   0.0 |       0 |      24 |   0.0 |   874
           D:8 |       0 |     513 |   0.0 |       0 |      11 |   0.0 |   427
           D:9 |       0 |    1826 |   0.0 |       0 |      24 |   0.0 |  1546
          D:10 |       0 |     386 |   0.0 |       0 |       4 |   0.0 |   297
               +---------+---------+-------+---------+---------+-------+---------
